 Dungeon Crawl Stone Soup version 0.21.1-1-g345015f (webtiles) character file.

455 inc the Chiller (level 7, 0/41 HPs)
             Began as an Octopode Ice Elementalist on June 11, 2018.
             Was an Initiate of Gozag.
             Slain by a sky beast (5 damage)
             ... on level 5 of the Dungeon.
             The game lasted 00:07:15 (4877 turns).

inc the Chiller (Octopode Ice Elementalist)         Turns: 4877, Time: 00:07:19

Health: 0/41       AC:  1    Str:  7    XL:     7   Next: 5%
Magic:  11/14      EV: 13    Int: 19    God:    Gozag
Gold:   317        SH:  0    Dex: 13    Spells: 9/15 levels left

rFire    . . .     SeeInvis .   s - +2 dagger (venom)
rCold    . . .     Gourm    .   (no shield)
rNeg     . . .     Faith    .   (helmet restricted)
rPois    .         Spirit   .   (no amulet)
rElec    .         Reflect  .   (no ring)
rCorr    .         Harm     .   (no ring)
MR       .....                  (no ring)
Stlth    +++.......             (no ring)
HPRegen  0.13/turn              (no ring)
MPRegen  0.14/turn              (no ring)
                                (no ring)
                                (no ring)

@: gold aura
A: almost no armour, stealthy swim, amphibious, 8 rings, constrict 8, camouflage
1, gelatinous body 1
a: Potion Petition, Call Merchant, Bribe Branch, Renounce Religion


You were on level 5 of the Dungeon.
You worshipped Gozag.
Gozag was aware of your devotion.
You were not hungry.

You visited 2 branches of the dungeon, and saw 6 of its levels.

You collected 389 gold pieces.
You paid 72 gold pieces to Gozag.

Inventory:

Hand Weapons
 i - a +0 whip
 q - a +0 rapier
 s - a +2 dagger of venom (weapon)
Jewellery
 r - an uncursed amulet of harm {unknown}
Wands
 A - a wand of acid (4)
Scrolls
 b - a scroll of enchant weapon {unknown}
 e - a scroll of blinking {unknown}
 j - a scroll of magic mapping {unknown}
 k - 2 scrolls of teleportation
 l - 2 scrolls of remove curse
 m - 3 scrolls of immolation {unknown}
 n - 2 scrolls of enchant armour {unknown}
 u - a scroll of random uselessness {unknown}
 v - a scroll of noise {unknown}
 y - a scroll of identify
 z - a scroll of fear {unknown}
Potions
 d - a potion of flight {unknown}
 f - 2 potions of lignification
 g - 2 potions of might
 h - a potion of curing
 p - a potion of ambrosia
 t - 2 potions of cancellation {unknown}
 w - a potion of heal wounds
Books
 a - a book of Frost

   Spells                             Type                      Level
   a - Freeze                         Ice                          1
   b - Throw Frost                    Conjuration/Ice              2
   c - Ozocubu's Armour               Charms/Ice                   3
   d - Throw Icicle                   Conjuration/Ice              4
   e - Summon Ice Beast               Ice/Summoning                4
 o - a book of Cantrips

   Spells                             Type                      Level
   a - Confusing Touch                Hexes                        1
   b - Animate Skeleton               Necromancy                   1
   c - Summon Small Mammal            Summoning                    1
   d - Apportation                    Translocation                1
 x - a book of Minor Magic

   Spells                             Type                      Level
   a - Magic Dart                     Conjuration                  1
   b - Blink                          Translocation                2
   c - Call Imp                       Summoning                    2
   d - Slow                           Hexes                        2
   e - Conjure Flame                  Conjuration/Fire             3
   f - Mephitic Cloud                 Conjuration/Poison/Air       3
Comestibles
 c - 5 rations


   Skills:
 - Level 2.0 Dodging
 - Level 2.6 Stealth
 + Level 4.7 Spellcasting
 - Level 1.0 Conjurations
 - Level 6.0 Ice Magic


You had 9 spell levels left.
You knew the following spells:

 Your Spells              Type           Power        Failure   Level  Hunger
a - Freeze                Ice            ####         1%          1    None
b - Ozocubu's Armour      Chrm/Ice       ###.....     11%         3    ###....
c - Throw Frost           Conj/Ice       ###...       4%          2    #......


Dungeon Overview and Level Annotations

Branches:
Dungeon (5/15)             Temple (1/1) D:4

Altars:
Elyvilon
Gozag
Hepliaklqana
Kikubaaqudgha
Makhleb
Nemelex Xobeh
Ru
Trog
Uskayaw
Wu Jian
Xom
Yredelemnul
Zin
The Shining One


Innate Abilities, Weirdness & Mutations

You cannot wear most types of armour.
You are very stealthy in the water. (Stealth+)
You are amphibious.
You can wear up to eight rings at the same time.
You can use your tentacles to constrict eight enemies at once.
Your skin changes colour to match your surroundings (Stealth+).
Your rubbery body absorbs attacks. (AC +1, EV +1)


Message History

Casting: Freeze
Confirm with . or Enter, or press ? or * to list all spells.
Aiming: Freeze
Press: ? - help, Shift-Dir - straight line, f - sky beast
Aim: a sky beast You freeze the sky beast.
The sky beast is lightly wounded.
The sky beast misses you.
Casting: Freeze
Confirm with . or Enter, or press ? or * to list all spells.
Aiming: Freeze
Press: ? - help, Shift-Dir - straight line, f/p - sky beast
Aim: a sky beast (lightly wounded)
You freeze the sky beast.
The sky beast is lightly wounded.
The sky beast hits you.
* * * LOW HITPOINT WARNING * * *
The sky beast shocks you.
You die...
Your body crumbles into a pile of gold.

####################
#..................# ########
#......###########.###......#####
#...............@Y...$...........
#..........<...###.###...........
...........).. #.# ######⌠$⌠#.#
.............. #.# .._...#
......###+#### #.# ###.⌠.Y..#
......# #.# #.# #...(..#.#
......# #.########.# #.........
......###.#.....##.#####........#
......'..>......'......'........#


You could see a sky beast.

Vanquished Creatures
  3 orc wizards (D:4)
  A centaur skeleton (D:5)
  A hound (D:5)
  A bullfrog skeleton (D:5)
  An orc priest (D:4)
  Jessica (D:2)
  Terence (D:2)
  A howler monkey skeleton (D:4)
  6 adders
  4 gnolls
  2 adder skeletons (D:4)
  3 dart slugs
  3 leopard geckos
  7 orcs
  A ball python (D:1)
  12 bats
  7 giant cockroaches
  7 goblins
  6 hobgoblins
  4 jackals (D:4)
  5 kobolds
  A quokka (D:3)
  3 frilled lizards
  A jackal skeleton (D:4)
  A leopard gecko skeleton (D:4)
  A quokka skeleton (D:4)
  12 rats
96 creatures vanquished.

Notes
Turn   | Place    | Note
-------+----------+-------------------------------------------
     0 | D:1      | inc the Octopode Ice Elementalist began the quest for the Orb.
     0 | D:1      | Reached XP level 1. HP: 11/11 MP: 3/3
    52 | D:1      | Reached XP level 2. HP: 8/17 MP: 0/5
   837 | D:1      | Reached skill level 4 in Ice Magic
   947 | D:1      | Reached XP level 3. HP: 21/21 MP: 4/6
  1842 | D:2      | Noticed Terence
  1852 | D:2      | Killed Terence
  1852 | D:2      | Reached skill level 5 in Ice Magic
  1852 | D:2      | Reached XP level 4. HP: 20/27 MP: 3/7
  1884 | D:2      | Learned a level 3 spell: Ozocubu's Armour
  1887 | D:2      | Learned a level 2 spell: Throw Frost
  1988 | D:2      | Noticed Jessica
  1995 | D:2      | Killed Jessica
  2166 | D:2      | Reached XP level 5. HP: 31/31 MP: 5/8
  2276 | D:2      | Found a bloodstained altar of Trog.
  3038 | D:4      | Reached skill level 6 in Ice Magic
  3142 | D:4      | Reached XP level 6. HP: 7/36 MP: 1/10
  3142 | D:4      | HP: 1/36 [gnoll/spear (6)]
  3399 | D:4      | Found a staircase to the Ecumenical Temple.
  3404 | Temple   | Entered the Ecumenical Temple
  3529 | Temple   | Became a worshipper of Gozag Ym Sagoz the Greedy
  4246 | D:4      | Noticed an angel
  4248 | D:4      | Found a glowing silver altar of Zin.
  4249 | D:4      | Found a shimmering altar of Xom.
  4414 | D:4      | Found a basalt altar of Yredelemnul.
  4599 | D:5      | Entered Level 5 of the Dungeon
  4762 | D:5      | Found a sparkling altar of Nemelex Xobeh.
  4857 | D:5      | Noticed a sky beast
  4871 | D:5      | Reached XP level 7. HP: 9/41 MP: 12/14
  4877 | D:5      | Slain by a sky beast

Skill      XL: |  1  2  3  4  5  6 |
---------------+-------------------+-----
Ice Magic      | 4 5 6 |  6.0
Spellcasting   | 4 |  4.7
Dodging        | |  2.0
Stealth        | |  2.6
Conjurations   | |  1.0

Action                   |  1- 3 |  4- 6 |  7- 9 || total
-------------------------+-------+-------+-------++-------
Melee: Unarmed           |    25 |       |       ||    25
       Constrict         |    13 |    17 |       ||    30
       Whip              |    20 |    12 |       ||    32
       Tentacles         |     1 |     6 |       ||     7
       Dagger            |       |    49 |       ||    49
 Cast: Freeze            |    40 |    86 |     2 ||   128
       Ozocubu's Armour  |       |     2 |       ||     2
  Use: Scroll            |       |     7 |       ||     7
       Potion            |       |     2 |       ||     2
 Stab: Sleeping          |     3 |     3 |       ||     6
  Eat: Chunk             |     3 |     4 |       ||     7
       Ration            |       |     2 |       ||     2
Armor: Skin              |    11 |    12 |       ||    23
Dodge: Dodged            |    42 |    97 |     1 ||   140
